 Dungeon Crawl Stone Soup version 0.24.0-123-gd5b16e6ec5 (webtiles) character file.

Game seed: 9495620834950831622, levelgen mode: deterministic

7 Froggeryz the Ducker (level 1, 0/17 HPs)
             Began as a Minotaur Fire Elementalist on Dec 30, 2019.
             Slain by a kobold (3 damage)
             ... on level 1 of the Dungeon.
             The game lasted 00:00:24 (219 turns).

Froggeryz the Ducker (Minotaur Fire Elementalist)    Turns: 219, Time: 00:00:25

Health: 0/17       AC:  2    Str: 12    XL:     1   Next: 83%
Magic:  1/1        EV: 12    Int: 12    God:
Gold:   10         SH:  0    Dex: 10    Spells: 1/2 levels left

rFire    . . .     SeeInvis .   (no weapon)
rCold    . . .     Gourm    .   (no shield)
rNeg     . . .     Faith    .   a - +0 robe
rPois    .         Spirit   .   (helmet restricted)
rElec    .         Reflect  .   (no cloak)
rCorr    .         Harm     .   (no gloves)
MR       .....                  (no boots)
Stlth    ++........             (no amulet)
HPRegen  0.05/turn              (no ring)
MPRegen  0.07/turn              (no ring)

@: no status effects
A: retaliatory headbutt, horns 2
a: no special abilities


You were on level 1 of the Dungeon.
You were not hungry.

You visited 1 branch of the dungeon, and saw 1 of its levels.

You collected 10 gold pieces.

Inventory:

Armour
 a - a +0 robe (worn)
 d - a +0 buckler
Jewellery
 b - an uncursed amulet of guardian spirit {unknown}
Scrolls
 e - a scroll of remove curse {unknown}
 f - a scroll of magic mapping {unknown}
 h - a scroll of identify {unknown}
 i - a scroll of teleportation {unknown}
Potions
 g - a potion of haste {unknown}
 j - 2 potions of ambrosia {unknown}
Comestibles
 c - 2 rations


   Skills:
 * Level 1.9 Fighting
 - Level 2.1 Dodging
 - Level 1.5 Stealth
 - Level 1.3 Spellcasting
 - Level 0.6 Conjurations
 - Level 2.1 Fire Magic


You had one spell level left.
You knew the following spells:

 Your Spells              Type           Power        Failure   Level  Hunger
a - Flame Tongue          Conj/Fire      #....        17%         1    ##.....

Your spell library contained the following spells:

 Spells                   Type           Power        Failure   Level  Hunger
 Throw Flame              Conj/Fire      #.....       26%         2    ###....
 Conjure Flame            Conj/Fire      #.......     45%         3    ####...
 Inner Flame              Hex/Fire       #.......     50%         3    ####...
 Sticky Flame             Conj/Fire      #.......     86%         4    #####..
 Fireball                 Conj/Fire      #.........   99%         5    ######.


Dungeon Overview and Level Annotations

Branches:
Dungeon (1/15)

Altars:


Innate Abilities, Weirdness & Mutations

You reflexively headbutt those who attack you in melee.
You have a pair of horns on your head.


Message History

The frilled lizard closely misses you.
You barely miss the frilled lizard.
Your headbutt misses the frilled lizard.
The frilled lizard is heavily wounded.
The frilled lizard bites you.
You hit the frilled lizard.
You kill the frilled lizard!
You barely miss the leopard gecko. The leopard gecko barely misses you.
You furiously retaliate!
You headbutt the leopard gecko.
You kill the leopard gecko!
You hit the kobold.
The kobold is moderately wounded.
The kobold hits you.
You barely miss the kobold. Your headbutt misses the kobold.
The kobold barely misses you.
You completely miss the kobold. The kobold hits you.
You barely miss the kobold. The kobold hits you.
* * * LOW HITPOINT WARNING * * *
You barely miss the kobold. The kobold hits you.
You die...

#.# #. #.# #.#
#.########.#..
#............#
######.###.###
# #......... #
#.#######. #@#
#K# ###
♣......b..#
#<.
..........#
#..
......♣...#
#..
......♣♣..#
#.. ...... ...
#.. ≈≈≈≈. ...#
#.. ###≈≈ ...#
#..


You could see a bat and a kobold.

Vanquished Creatures
  A leopard gecko (D:1)
  A goblin (D:1)
  A kobold (D:1)
  A bat (D:1)
  A frilled lizard (D:1)
  A rat (D:1)
6 creatures vanquished.

Notes
Turn   | Place    | Note
-------+----------+-------------------------------------------
     0 | D:1      | Froggeryz the Minotaur Fire Elementalist began the quest
                  | for the Orb.
     0 | D:1      | Reached XP level 1. HP: 14/14 MP: 1/1
   142 | D:1      | Reached skill level 1 in Fighting
   219 | D:1      | Slain by a kobold

Levels and vault maps discovered:
D:1:      lemuel_arrival_river_ford, layout_basic, minivault_5,
          kennysheep_decorative_pillar

Skill      XL: |  1 |
---------------+----+-----
Fighting       | 1 |  1.9
Dodging        | |  2.1
Stealth        | |  1.5
Spellcasting   | |  1.3
Conjurations   | |  0.6
Fire Magic     | |  2.1

Action                   || total
-------------------------++-------
Melee: Unarmed           ||    23
       Headbutt          ||     1
 Stab: Sleeping          ||     1
Armor: Robe              ||     5
Dodge: Dodged            ||    12
